[ PARTIDA AOE2 · #480375042 ]
UnrankedRomanos vs Hindustanis
[ ANÁLISIS DE REPETICIÓN · EXTRAÍDO DE LA PARTIDA GRABADA ]
Feudal
12:41
Castillos
26:11
Imperial
41:16
| APM promedio | 21.8 |
| APM pico | 61 |
| eAPM promedio | 17.0 |
| Aldeanos / militares | 150 / 116 |
Foco
⚔️ 39.4% · 🌾 60.6%
Scorpion ×84 · Centurion ×28 · Trade Cart ×12 · Militia ×2 · Trebuchet (Packed) ×2
Feudal
13:00
Castillos
22:23
Imperial
36:48
| APM promedio | 27.8 |
| APM pico | 86 |
| eAPM promedio | 19.4 |
| Aldeanos / militares | 131 / 166 |
Foco
⚔️ 18.1% · 🌾 81.9%
Camel Scout ×139 · Trade Cart ×21 · Scorpion ×15 · Bombard Cannon ×8 · Trebuchet (Packed) ×3 · Scout Cavalry ×1
Feudal
12:40
Castillos
22:32
Imperial
38:39
| APM promedio | 13.4 |
| APM pico | 83 |
| eAPM promedio | 11.7 |
| Aldeanos / militares | 86 / 214 |
Foco
⚔️ 48.0% · 🌾 52.0%
Spearman ×139 · Longbowman ×75 · Trade Cart ×13
Feudal
10:44
Castillos
18:26
Imperial
39:48
| APM promedio | 23.1 |
| APM pico | 62 |
| eAPM promedio | 12.4 |
| Aldeanos / militares | 130 / 171 |
Foco
⚔️ 23.3% · 🌾 76.7%
War Elephant ×99 · Archer ×71 · Trade Cart ×51 · Monk ×1
Feudal
12:39
Castillos
21:50
Imperial
36:54
| APM promedio | 15.7 |
| APM pico | 92 |
| eAPM promedio | 8.9 |
| Aldeanos / militares | 61 / 40 |
Foco
⚔️ 28.5% · 🌾 71.5%
Organ Gun ×26 · Mangonel ×12 · Trade Cart ×10 · Monk ×2
Feudal
14:27
Castillos
23:32
Imperial
40:23
| APM promedio | 32.3 |
| APM pico | 91 |
| eAPM promedio | 19.9 |
| Aldeanos / militares | 210 / 169 |
Foco
⚔️ 20.9% · 🌾 79.1%
Kamayuk ×154 · Trade Cart ×70 · Trebuchet (Packed) ×15
Mapa de la partida
Recursos iniciales + cada clic de construcción. Líneas = muros · curvas = relieve. ◆ oro · ⬟ piedra · ● bayas · ✦ reliquia · ◌ hueco del cierre
Tu base· ✓ Cerrada en 26:11 · 32t muro · 1 puerta(s)
Base de kyudiepie· ✓ Cerrada en 22:23 · 46t muro · sin puerta
Base de Matdevil01· ✓ Cerrada en 22:32 · 31t muro · sin puerta
Base de sunqingxiong· ✓ Cerrada en 18:26 · 10t muro · 1 puerta(s)
Base de БАНАН· ✓ Cerrada en 21:50 · 28t muro · sin puerta
Base de mitibebi· ✓ Cerrada en 23:32 · 83t muro · 3 puerta(s)
Terreno inicial suavizado · ◌ = hueco del cierre detectado · pasá el cursor para detalles
Inputs por minuto
— 0800goon - - kyudiepie
Build order — 0800goon
Primeras 150 de 463 acciones detectadas
| 0:11 | Construir | House |
| 0:13 | Construir | House |
| 0:15 | Construir | House |
| 0:20 | Investigar | Loom |
| 0:20 | Crear | Villager (Male) |
| 0:21 | Crear | Villager (Male) |
| 0:21 | Crear | Villager (Male) |
| 0:21 | Crear | Villager (Male) |
| 0:21 | Crear | Villager (Male) |
| 2:09 | Crear | Villager (Male) |
| 2:09 | Crear | Villager (Male) |
| 3:07 | Construir | Palisade Wall |
| 3:59 | Crear | Villager (Male) |
| 4:00 | Crear | Villager (Male) |
| 4:00 | Crear | Villager (Male) |
| 4:00 | Crear | Villager (Male) |
| 4:35 | Crear | Villager (Male) |
| 4:41 | Crear | Villager (Male) |
| 4:41 | Crear | Villager (Male) |
| 5:17 | Crear | Villager (Male) |
| 5:17 | Crear | Villager (Male) |
| 5:17 | Crear | Villager (Male) |
| 6:40 | Construir | House |
| 7:11 | Crear | Villager (Male) |
| 7:11 | Crear | Villager (Male) |
| 7:11 | Crear | Villager (Male) |
| 7:11 | Crear | Villager (Male) |
| 7:12 | Crear | Villager (Male) |
| 7:12 | Crear | Villager (Male) |
| 7:12 | Crear | Villager (Male) |
| 7:12 | Crear | Villager (Male) |
| 7:19 | Crear | Villager (Male) |
| 8:11 | Construir | Palisade Wall |
| 9:00 | Crear | Villager (Male) |
| 9:01 | Crear | Villager (Male) |
| 9:01 | Crear | Villager (Male) |
| 9:01 | Crear | Villager (Male) |
| 9:01 | Crear | Villager (Male) |
| 9:35 | Construir | Mill |
| 10:04 | Construir | Lumber Camp |
| 10:16 | Construir | House |
| 10:31 | Investigar | Feudal Age |
| 11:31 | Construir | Mining Camp |
| 12:30 | Crear | Villager (Male) |
| 12:30 | Crear | Villager (Male) |
| 12:30 | Crear | Villager (Male) |
| 12:30 | Crear | Villager (Male) |
| 12:41 | Edad | Edad Feudal |
| 12:57 | Investigar | Double-Bit Axe |
| 12:59 | Investigar | Horse Collar |
| 13:02 | Crear | Villager (Male) |
| 13:02 | Crear | Villager (Male) |
| 13:25 | Crear | Villager (Male) |
| 13:26 | Crear | Villager (Male) |
| 13:32 | Construir | Market |
| 14:01 | Construir | Barracks |
| 14:19 | Construir | House |
| 14:21 | Construir | House |
| 14:23 | Construir | House |
| 14:27 | Construir | House |
| 14:29 | Construir | House |
| 14:31 | Construir | House |
| 14:35 | Construir | House |
| 14:36 | Construir | House |
| 14:37 | Construir | House |
| 14:38 | Construir | House |
| 15:37 | Investigar | Man-at-Arms (upgrade) |
| 15:38 | Crear | Militia |
| 15:40 | Crear | Militia |
| 15:51 | Crear | Villager (Male) |
| 15:52 | Crear | Villager (Male) |
| 16:03 | Crear | Villager (Male) |
| 16:03 | Crear | Villager (Male) |
| 16:09 | Construir | Farm |
| 16:09 | Construir | Farm |
| 16:10 | Construir | Farm |
| 16:14 | Construir | Farm |
| 16:27 | Construir | Blacksmith |
| 16:32 | Crear | Villager (Male) |
| 16:32 | Crear | Villager (Male) |
| 17:36 | Construir | Mining Camp |
| 17:43 | Crear | Villager (Male) |
| 17:43 | Crear | Villager (Male) |
| 17:44 | Crear | Villager (Male) |
| 18:08 | Construir | Farm |
| 18:08 | Construir | Farm |
| 18:12 | Construir | Farm |
| 18:16 | Construir | Farm |
| 19:02 | Investigar | Town Watch |
| 19:02 | Investigar | Wheelbarrow |
| 19:17 | Construir | Farm |
| 19:18 | Construir | Farm |
| 19:19 | Construir | Farm |
| 19:22 | Crear | Villager (Male) |
| 19:22 | Crear | Villager (Male) |
| 19:23 | Crear | Villager (Male) |
| 19:23 | Crear | Villager (Male) |
| 20:00 | Construir | Stone Wall |
| 20:10 | Construir | Stone Wall |
| 20:28 | Investigar | Wheelbarrow |
| 20:36 | Construir | Farm |
| 20:37 | Construir | Farm |
| 20:37 | Construir | Farm |
| 20:38 | Construir | Farm |
| 20:40 | Construir | Farm |
| 21:00 | Crear | Trade Cart |
| 21:02 | Crear | Trade Cart |
| 21:03 | Crear | Trade Cart |
| 21:23 | Investigar | Gold Mining |
| 21:23 | Investigar | Stone Mining |
| 21:37 | Investigar | Stone Mining |
| 21:44 | Crear | Villager (Male) |
| 21:44 | Crear | Villager (Male) |
| 21:44 | Crear | Villager (Male) |
| 22:22 | Construir | Lumber Camp |
| 23:03 | Construir | Stone Wall |
| 23:14 | Construir | Stone Wall |
| 23:19 | Construir | Stone Wall |
| 23:31 | Investigar | Castle Age |
| 23:51 | Construir | House |
| 23:53 | Construir | House |
| 23:53 | Construir | House |
| 23:53 | Construir | House |
| 23:53 | Construir | House |
| 23:54 | Construir | House |
| 23:54 | Construir | House |
| 23:54 | Construir | House |
| 23:55 | Construir | House |
| 23:55 | Construir | House |
| 24:39 | Construir | Gate |
| 24:51 | Investigar | Scale Barding Armor |
| 24:51 | Investigar | Scale Mail Armor |
| 24:51 | Investigar | Forging |
| 24:51 | Investigar | Fletching |
| 24:51 | Investigar | Padded Archer Armor |
| 24:53 | Investigar | Padded Archer Armor |
| 26:11 | Edad | Edad de los Castillos |
| 26:39 | Construir | Town Center |
| 26:47 | Construir | Town Center |
| 27:00 | Construir | Town Center |
| 27:15 | Construir | University |
| 27:18 | Construir | House |
| 27:19 | Construir | House |
| 27:19 | Construir | House |
| 27:28 | Investigar | Town Patrol |
| 27:29 | Crear | Villager (Male) |
| 27:29 | Crear | Villager (Male) |
| 27:29 | Crear | Villager (Male) |
| 27:30 | Crear | Villager (Male) |
| 27:30 | Crear | Villager (Male) |
Build order — kyudiepie
Primeras 150 de 408 acciones detectadas
| 0:04 | Construir | House |
| 0:06 | Crear | Villager (Male) |
| 0:06 | Crear | Villager (Male) |
| 0:07 | Crear | Villager (Male) |
| 0:07 | Crear | Villager (Male) |
| 0:07 | Crear | Villager (Male) |
| 0:07 | Crear | Villager (Male) |
| 1:23 | Crear | Villager (Male) |
| 1:23 | Crear | Villager (Male) |
| 1:41 | Investigar | Loom |
| 2:19 | Crear | Villager (Male) |
| 2:25 | Construir | House |
| 2:26 | Construir | House |
| 3:02 | Construir | Lumber Camp |
| 3:04 | Crear | Villager (Male) |
| 3:05 | Crear | Villager (Male) |
| 3:05 | Crear | Villager (Male) |
| 3:05 | Crear | Villager (Male) |
| 3:06 | Crear | Villager (Male) |
| 4:22 | Crear | Villager (Male) |
| 4:22 | Crear | Villager (Male) |
| 4:23 | Crear | Villager (Male) |
| 5:20 | Crear | Villager (Male) |
| 5:20 | Crear | Villager (Male) |
| 5:56 | Construir | Palisade Wall |
| 5:58 | Crear | Villager (Male) |
| 6:12 | Crear | Villager (Male) |
| 6:55 | Crear | Villager (Male) |
| 6:56 | Crear | Villager (Male) |
| 6:56 | Crear | Villager (Male) |
| 7:00 | Construir | House |
| 7:02 | Construir | House |
| 7:31 | Construir | Mill |
| 8:04 | Crear | Villager (Male) |
| 8:04 | Crear | Villager (Male) |
| 8:05 | Crear | Villager (Male) |
| 8:05 | Crear | Villager (Male) |
| 9:08 | Crear | Villager (Male) |
| 9:38 | Construir | Mining Camp |
| 10:20 | Construir | Palisade Wall |
| 10:40 | Construir | Palisade Gate |
| 10:44 | Crear | Villager (Male) |
| 10:50 | Investigar | Feudal Age |
| 11:06 | Construir | Barracks |
| 12:18 | Crear | Villager (Male) |
| 12:18 | Crear | Villager (Male) |
| 12:19 | Crear | Villager (Male) |
| 12:20 | Crear | Villager (Male) |
| 12:33 | Construir | Mining Camp |
| 13:00 | Edad | Edad Feudal |
| 13:16 | Construir | Stone Wall |
| 13:25 | Construir | Stone Wall |
| 13:29 | Crear | Villager (Male) |
| 13:39 | Construir | Market |
| 13:43 | Construir | Lumber Camp |
| 13:48 | Construir | Farm |
| 13:55 | Construir | Farm |
| 14:07 | Investigar | Double-Bit Axe |
| 14:46 | Construir | House |
| 14:47 | Construir | House |
| 14:49 | Construir | House |
| 15:03 | Crear | Villager (Male) |
| 15:03 | Crear | Villager (Male) |
| 15:12 | Construir | Farm |
| 15:22 | Crear | Villager (Male) |
| 16:23 | Crear | Villager (Male) |
| 16:24 | Crear | Villager (Male) |
| 16:35 | Construir | Farm |
| 16:39 | Construir | Farm |
| 16:44 | Construir | Farm |
| 16:49 | Construir | Farm |
| 16:55 | Construir | Farm |
| 17:09 | Construir | Farm |
| 17:13 | Crear | Villager (Male) |
| 17:17 | Construir | Farm |
| 17:37 | Crear | Villager (Male) |
| 17:45 | Construir | Farm |
| 17:47 | Crear | Villager (Male) |
| 18:06 | Construir | House |
| 18:08 | Construir | House |
| 18:09 | Construir | House |
| 18:10 | Construir | House |
| 18:16 | Investigar | Horse Collar |
| 18:25 | Construir | Blacksmith |
| 18:41 | Construir | Mining Camp |
| 18:53 | Crear | Villager (Male) |
| 18:54 | Crear | Villager (Male) |
| 19:25 | Investigar | Castle Age |
| 19:58 | Construir | Stable |
| 20:01 | Construir | Stable |
| 20:54 | Investigar | Wheelbarrow |
| 21:12 | Investigar | Stone Mining |
| 21:13 | Investigar | Gold Mining |
| 21:17 | Construir | House |
| 21:18 | Construir | House |
| 21:20 | Construir | House |
| 21:21 | Construir | House |
| 21:23 | Construir | House |
| 21:25 | Construir | House |
| 21:41 | Investigar | Bloodlines |
| 21:56 | Construir | Farm |
| 22:03 | Construir | Farm |
| 22:23 | Edad | Edad de los Castillos |
| 23:14 | Construir | Town Center |
| 23:26 | Construir | Farm |
| 23:52 | Construir | Farm |
| 23:54 | Crear | Villager (Male) |
| 23:54 | Crear | Villager (Male) |
| 23:54 | Crear | Villager (Male) |
| 23:54 | Crear | Villager (Male) |
| 24:00 | Crear | Villager (Male) |
| 24:01 | Crear | Villager (Male) |
| 24:01 | Crear | Villager (Male) |
| 24:02 | Crear | Villager (Male) |
| 24:02 | Crear | Villager (Male) |
| 24:13 | Construir | Farm |
| 24:17 | Construir | Farm |
| 24:21 | Construir | Farm |
| 24:42 | Construir | Castle |
| 24:48 | Crear | Villager (Male) |
| 25:12 | Construir | Town Center |
| 25:18 | Crear | Villager (Male) |
| 25:56 | Investigar | Bow Saw |
| 26:05 | Investigar | Husbandry |
| 26:22 | Crear | Villager (Male) |
| 26:23 | Crear | Villager (Male) |
| 26:24 | Crear | Villager (Male) |
| 26:33 | Construir | Mining Camp |
| 26:36 | Crear | Villager (Male) |
| 26:37 | Crear | Villager (Male) |
| 26:37 | Crear | Villager (Male) |
| 26:37 | Crear | Villager (Male) |
| 26:44 | Construir | Mining Camp |
| 27:06 | Crear | Villager (Male) |
| 27:07 | Crear | Villager (Male) |
| 27:45 | Construir | Farm |
| 27:47 | Investigar | Heavy Plow |
| 27:51 | Crear | Villager (Male) |
| 27:51 | Crear | Villager (Male) |
| 28:10 | Construir | Farm |
| 28:11 | Crear | Villager (Male) |
| 28:12 | Crear | Villager (Male) |
| 28:29 | Crear | Villager (Male) |
| 28:29 | Crear | Villager (Male) |
| 28:29 | Crear | Villager (Male) |
| 28:30 | Crear | Villager (Male) |
| 28:30 | Crear | Villager (Male) |
| 28:35 | Crear | Villager (Male) |
| 28:36 | Crear | Villager (Male) |
| 28:44 | Construir | Farm |
Build order — Matdevil01
Primeras 150 de 423 acciones detectadas
| 0:08 | Construir | House |
| 0:11 | Construir | House |
| 0:15 | Crear | Villager (Male) |
| 0:53 | Crear | Villager (Male) |
| 0:53 | Crear | Villager (Male) |
| 0:53 | Crear | Villager (Male) |
| 0:53 | Crear | Villager (Male) |
| 2:04 | Crear | Villager (Male) |
| 2:18 | Crear | Villager (Male) |
| 2:55 | Crear | Villager (Male) |
| 3:16 | Construir | House |
| 5:22 | Crear | Villager (Male) |
| 5:22 | Crear | Villager (Male) |
| 5:23 | Crear | Villager (Male) |
| 5:23 | Crear | Villager (Male) |
| 5:24 | Crear | Villager (Male) |
| 5:25 | Crear | Villager (Male) |
| 5:27 | Crear | Villager (Male) |
| 5:35 | Construir | Lumber Camp |
| 7:03 | Crear | Villager (Male) |
| 7:05 | Crear | Villager (Male) |
| 7:22 | Crear | Villager (Male) |
| 8:14 | Construir | Mill |
| 8:32 | Construir | Palisade Wall |
| 9:47 | Construir | Palisade Wall |
| 10:06 | Construir | House |
| 10:30 | Investigar | Feudal Age |
| 11:03 | Construir | Farm |
| 11:14 | Construir | Barracks |
| 11:44 | Construir | Farm |
| 11:57 | Construir | Farm |
| 12:40 | Edad | Edad Feudal |
| 13:11 | Construir | Barracks |
| 13:16 | Crear | Villager (Male) |
| 13:16 | Crear | Villager (Male) |
| 13:17 | Crear | Villager (Male) |
| 13:17 | Crear | Villager (Male) |
| 13:17 | Crear | Villager (Male) |
| 13:17 | Crear | Villager (Male) |
| 13:26 | Construir | Farm |
| 13:58 | Construir | Market |
| 14:13 | Construir | House |
| 14:39 | Construir | Stable |
| 14:44 | Crear | Villager (Male) |
| 14:46 | Investigar | Double-Bit Axe |
| 15:13 | Construir | Farm |
| 15:29 | Construir | House |
| 15:49 | Construir | Blacksmith |
| 15:58 | Crear | Villager (Male) |
| 15:59 | Crear | Villager (Male) |
| 16:18 | Construir | House |
| 16:24 | Construir | House |
| 16:32 | Construir | Farm |
| 16:57 | Construir | Farm |
| 17:05 | Construir | Farm |
| 17:12 | Construir | Farm |
| 17:18 | Construir | Farm |
| 17:24 | Construir | Farm |
| 17:30 | Construir | Farm |
| 17:58 | Construir | Mining Camp |
| 18:16 | Investigar | Wheelbarrow |
| 18:25 | Crear | Villager (Male) |
| 18:27 | Crear | Villager (Male) |
| 18:27 | Crear | Villager (Male) |
| 18:27 | Crear | Villager (Male) |
| 18:27 | Crear | Villager (Male) |
| 18:49 | Construir | Farm |
| 19:09 | Construir | House |
| 19:52 | Investigar | Castle Age |
| 20:21 | Construir | House |
| 20:38 | Crear | Spearman |
| 20:39 | Crear | Spearman |
| 20:40 | Crear | Spearman |
| 20:41 | Crear | Spearman |
| 20:41 | Crear | Spearman |
| 20:42 | Crear | Spearman |
| 20:43 | Crear | Spearman |
| 20:43 | Crear | Spearman |
| 20:44 | Crear | Spearman |
| 20:47 | Crear | Spearman |
| 21:05 | Construir | Mining Camp |
| 22:32 | Edad | Edad de los Castillos |
| 22:34 | Crear | Villager (Male) |
| 22:35 | Crear | Villager (Male) |
| 22:35 | Crear | Villager (Male) |
| 22:35 | Crear | Villager (Male) |
| 22:35 | Crear | Villager (Male) |
| 23:03 | Construir | Town Center |
| 23:35 | Investigar | Pikeman (upgrade) |
| 23:43 | Crear | Villager (Male) |
| 23:44 | Crear | Villager (Male) |
| 24:11 | Crear | Spearman |
| 24:11 | Crear | Spearman |
| 24:12 | Crear | Spearman |
| 24:12 | Crear | Spearman |
| 24:13 | Crear | Spearman |
| 24:13 | Crear | Spearman |
| 24:13 | Crear | Spearman |
| 24:14 | Crear | Spearman |
| 24:43 | Crear | Villager (Male) |
| 24:44 | Crear | Villager (Male) |
| 24:44 | Crear | Villager (Male) |
| 24:44 | Crear | Villager (Male) |
| 24:44 | Crear | Villager (Male) |
| 25:11 | Crear | Villager (Male) |
| 25:11 | Crear | Villager (Male) |
| 25:11 | Crear | Villager (Male) |
| 25:12 | Crear | Villager (Male) |
| 25:19 | Construir | Farm |
| 25:23 | Construir | Farm |
| 25:29 | Construir | Farm |
| 25:35 | Construir | Farm |
| 25:40 | Construir | Farm |
| 26:05 | Construir | Farm |
| 26:50 | Construir | House |
| 26:51 | Construir | House |
| 26:52 | Construir | House |
| 26:54 | Construir | House |
| 26:55 | Construir | House |
| 27:18 | Investigar | Squires |
| 27:18 | Investigar | Arson |
| 27:53 | Construir | Lumber Camp |
| 27:59 | Construir | Farm |
| 28:21 | Crear | Villager (Male) |
| 28:21 | Crear | Villager (Male) |
| 28:21 | Crear | Villager (Male) |
| 28:21 | Crear | Villager (Male) |
| 28:27 | Construir | Farm |
| 28:55 | Construir | Market |
| 29:33 | Construir | Farm |
| 29:39 | Construir | Farm |
| 29:51 | Construir | Castle |
| 30:07 | Construir | Barracks |
| 30:10 | Construir | Barracks |
| 30:12 | Construir | Barracks |
| 30:30 | Construir | House |
| 30:52 | Investigar | Horse Collar |
| 31:19 | Crear | Villager (Male) |
| 31:20 | Crear | Villager (Male) |
| 31:20 | Crear | Villager (Male) |
| 31:20 | Crear | Villager (Male) |
| 31:20 | Crear | Villager (Male) |
| 31:21 | Crear | Villager (Male) |
| 31:34 | Construir | House |
| 31:37 | Construir | Farm |
| 32:15 | Construir | Farm |
| 32:23 | Construir | House |
| 32:59 | Crear | Trade Cart |
| 32:59 | Crear | Trade Cart |
| 33:00 | Crear | Trade Cart |
Build order — sunqingxiong
Primeras 150 de 341 acciones detectadas
| 0:20 | Crear | Villager (Male) ×5 |
| 0:21 | Investigar | Loom |
| 0:25 | Construir | House |
| 0:26 | Construir | House |
| 0:30 | Construir | House |
| 1:19 | Construir | Mill |
| 2:15 | Crear | Villager (Male) |
| 3:14 | Crear | Villager (Male) |
| 3:15 | Crear | Villager (Male) |
| 3:15 | Crear | Villager (Male) |
| 3:15 | Crear | Villager (Male) |
| 4:41 | Crear | Villager (Male) |
| 4:41 | Crear | Villager (Male) |
| 4:56 | Crear | Villager (Male) |
| 5:25 | Crear | Villager (Male) |
| 5:58 | Crear | Villager (Male) |
| 5:59 | Crear | Villager (Male) |
| 7:44 | Crear | Villager (Male) |
| 7:54 | Construir | Mining Camp |
| 8:03 | Crear | Villager (Male) |
| 8:40 | Investigar | Feudal Age |
| 8:50 | Construir | Palisade Wall |
| 8:56 | Construir | Palisade Gate |
| 9:01 | Construir | Palisade Wall |
| 9:13 | Crear | Villager (Male) |
| 9:13 | Crear | Villager (Male) |
| 10:44 | Edad | Edad Feudal |
| 10:58 | Construir | House |
| 11:20 | Construir | Lumber Camp |
| 11:36 | Construir | House |
| 11:59 | Construir | Mining Camp |
| 12:15 | Crear | Villager (Male) |
| 12:16 | Crear | Villager (Male) |
| 12:16 | Crear | Villager (Male) |
| 12:18 | Crear | Villager (Male) |
| 13:30 | Construir | Blacksmith |
| 13:42 | Crear | Villager (Male) |
| 13:42 | Crear | Villager (Male) |
| 14:21 | Construir | Farm |
| 14:23 | Construir | Farm |
| 14:35 | Construir | Market |
| 14:47 | Crear | Villager (Male) |
| 15:23 | Construir | Farm |
| 15:38 | Crear | Villager (Male) |
| 16:00 | Investigar | Castle Age |
| 16:06 | Construir | House |
| 16:13 | Construir | House |
| 17:28 | Crear | Villager (Male) |
| 17:30 | Crear | Villager (Male) |
| 17:52 | Construir | Barracks |
| 18:26 | Edad | Edad de los Castillos |
| 18:40 | Construir | Monastery |
| 18:53 | Crear | Villager (Male) |
| 18:53 | Crear | Villager (Male) |
| 18:57 | Construir | Farm |
| 19:18 | Construir | Town Center |
| 19:43 | Construir | Farm |
| 19:49 | Crear | Monk |
| 19:55 | Construir | House |
| 20:26 | Construir | Mill |
| 20:34 | Crear | Villager (Male) |
| 20:34 | Crear | Villager (Male) |
| 20:36 | Crear | Villager (Male) |
| 21:15 | Investigar | Double-Bit Axe |
| 21:19 | Crear | Villager (Male) |
| 21:19 | Crear | Villager (Male) |
| 21:45 | Crear | Villager (Male) |
| 21:51 | Crear | Villager (Male) |
| 21:51 | Crear | Villager (Male) |
| 22:05 | Construir | Archery Range |
| 22:26 | Investigar | Squires |
| 22:40 | Investigar | Horse Collar |
| 22:45 | Crear | Villager (Male) |
| 22:45 | Crear | Villager (Male) |
| 22:45 | Crear | Villager (Male) |
| 22:57 | Crear | Villager (Male) |
| 23:00 | Crear | Villager (Male) |
| 23:00 | Crear | Villager (Male) |
| 23:14 | Construir | Farm |
| 23:20 | Crear | Archer ×5 |
| 23:30 | Construir | Archery Range |
| 24:01 | Investigar | Crossbowman (upgrade) |
| 24:25 | Crear | Villager (Male) |
| 24:25 | Crear | Villager (Male) |
| 24:25 | Crear | Villager (Male) |
| 24:28 | Construir | Farm |
| 24:30 | Construir | Farm |
| 24:31 | Construir | Farm |
| 24:37 | Construir | Farm |
| 24:46 | Construir | House |
| 24:46 | Construir | House |
| 24:47 | Construir | House |
| 24:47 | Construir | House |
| 24:47 | Construir | House |
| 24:47 | Construir | House |
| 24:48 | Construir | House |
| 24:48 | Construir | House |
| 24:48 | Construir | House |
| 25:05 | Construir | Castle |
| 25:33 | Crear | Archer |
| 25:33 | Crear | Archer |
| 25:57 | Crear | Villager (Male) ×5 |
| 26:05 | Crear | Villager (Male) ×5 |
| 26:09 | Construir | Farm |
| 26:53 | Investigar | Thumb Ring |
| 27:30 | Construir | Farm |
| 27:31 | Construir | Farm |
| 27:33 | Construir | Farm |
| 27:35 | Construir | Farm |
| 27:46 | Construir | Farm |
| 27:48 | Construir | Farm |
| 27:48 | Construir | Farm |
| 27:49 | Construir | Farm |
| 27:49 | Construir | Farm |
| 27:49 | Construir | Farm |
| 27:49 | Construir | Farm |
| 27:50 | Construir | Farm |
| 27:50 | Construir | Farm |
| 27:50 | Construir | Farm |
| 27:50 | Construir | Farm |
| 27:51 | Construir | Farm |
| 27:51 | Construir | Farm |
| 27:51 | Construir | Farm |
| 27:52 | Construir | Farm |
| 27:53 | Construir | Farm |
| 27:53 | Construir | Farm |
| 27:53 | Construir | Farm |
| 27:53 | Construir | Farm |
| 27:54 | Construir | Farm |
| 27:54 | Construir | Farm |
| 28:00 | Crear | Villager (Male) |
| 28:00 | Crear | Villager (Male) |
| 28:09 | Construir | Farm |
| 28:16 | Crear | Trade Cart |
| 28:28 | Construir | House |
| 28:28 | Construir | House |
| 28:28 | Construir | House |
| 28:29 | Construir | House |
| 28:29 | Construir | House |
| 28:29 | Construir | House |
| 28:29 | Construir | House |
| 28:29 | Construir | House |
| 28:31 | Construir | House |
| 28:31 | Construir | House |
| 28:31 | Construir | House |
| 28:32 | Construir | House |
| 29:06 | Crear | Villager (Male) ×5 |
| 29:10 | Construir | Farm |
| 29:11 | Construir | Farm |
| 29:12 | Construir | Farm |
Build order — БАНАН
Primeras 150 de 244 acciones detectadas
| 0:07 | Construir | House |
| 0:09 | Construir | House |
| 0:10 | Construir | House |
| 0:12 | Crear | Villager (Male) |
| 0:12 | Crear | Villager (Male) |
| 0:12 | Crear | Villager (Male) |
| 0:12 | Crear | Villager (Male) |
| 1:43 | Investigar | Loom |
| 1:57 | Crear | Villager (Male) |
| 2:40 | Crear | Villager (Male) |
| 3:38 | Crear | Villager (Male) |
| 3:42 | Crear | Villager (Male) |
| 5:01 | Crear | Villager (Male) |
| 5:02 | Crear | Villager (Male) |
| 6:08 | Construir | Lumber Camp |
| 6:18 | Crear | Villager (Male) |
| 6:19 | Crear | Villager (Male) |
| 6:24 | Crear | Villager (Male) |
| 6:36 | Construir | Mill |
| 7:30 | Crear | Villager (Male) |
| 7:31 | Crear | Villager (Male) |
| 7:53 | Crear | Villager (Male) |
| 7:57 | Construir | House |
| 7:58 | Construir | House |
| 7:59 | Construir | House |
| 8:00 | Construir | House |
| 9:15 | Construir | Palisade Wall |
| 9:36 | Crear | Villager (Male) |
| 9:37 | Crear | Villager (Male) |
| 10:09 | Construir | Mining Camp |
| 10:24 | Construir | Farm |
| 10:25 | Construir | Farm |
| 10:26 | Construir | Farm |
| 10:27 | Construir | Farm |
| 10:29 | Investigar | Feudal Age |
| 12:02 | Construir | Palisade Wall |
| 12:39 | Edad | Edad Feudal |
| 12:45 | Crear | Villager (Male) |
| 12:45 | Crear | Villager (Male) |
| 12:47 | Crear | Villager (Male) |
| 12:59 | Construir | Palisade Wall |
| 13:11 | Construir | Watch Tower |
| 13:17 | Crear | Villager (Male) |
| 13:37 | Construir | Palisade Wall |
| 14:09 | Construir | Palisade Wall |
| 14:25 | Crear | Villager (Male) |
| 14:28 | Crear | Villager (Male) |
| 14:37 | Investigar | Double-Bit Axe |
| 14:39 | Investigar | Horse Collar |
| 15:05 | Investigar | Gold Mining |
| 15:08 | Crear | Villager (Male) |
| 15:21 | Crear | Villager (Male) |
| 15:34 | Construir | Market |
| 16:06 | Construir | Barracks |
| 16:59 | Construir | Barracks |
| 17:09 | Crear | Villager (Male) |
| 17:09 | Crear | Villager (Male) |
| 17:19 | Construir | Farm |
| 17:28 | Construir | Market |
| 17:39 | Construir | Farm |
| 17:50 | Construir | Blacksmith |
| 18:01 | Construir | Mining Camp |
| 18:13 | Construir | Farm |
| 18:15 | Crear | Villager (Male) |
| 18:18 | Crear | Villager (Male) |
| 18:43 | Construir | Farm |
| 19:00 | Construir | Farm |
| 19:00 | Construir | Farm |
| 19:01 | Construir | Farm |
| 19:02 | Construir | Farm |
| 19:09 | Construir | Farm |
| 19:10 | Investigar | Castle Age |
| 20:52 | Construir | Archery Range |
| 21:09 | Investigar | Wheelbarrow |
| 21:17 | Investigar | Stone Mining |
| 21:50 | Edad | Edad de los Castillos |
| 22:07 | Construir | Town Center |
| 22:17 | Crear | Villager (Male) |
| 22:18 | Crear | Villager (Male) |
| 22:19 | Crear | Villager (Male) |
| 22:54 | Construir | Monastery |
| 23:48 | Construir | Farm |
| 23:52 | Crear | Monk |
| 23:55 | Investigar | Fervor |
| 23:56 | Crear | Monk |
| 24:10 | Investigar | Bow Saw |
| 24:14 | Investigar | Heavy Plow |
| 24:29 | Crear | Villager (Male) |
| 24:30 | Crear | Villager (Male) |
| 24:31 | Crear | Villager (Male) |
| 25:21 | Construir | Town Center |
| 25:46 | Crear | Villager (Male) |
| 25:47 | Crear | Villager (Male) |
| 25:47 | Crear | Villager (Male) |
| 26:47 | Construir | Watch Tower |
| 27:05 | Construir | Watch Tower |
| 27:18 | Construir | House |
| 27:19 | Construir | House |
| 27:19 | Construir | House |
| 27:19 | Construir | House |
| 27:20 | Construir | House |
| 27:20 | Construir | House |
| 27:24 | Construir | House |
| 27:24 | Construir | House |
| 27:25 | Construir | House |
| 27:25 | Construir | House |
| 27:28 | Construir | House |
| 27:32 | Crear | Villager (Male) |
| 27:32 | Crear | Villager (Male) |
| 27:32 | Crear | Villager (Male) |
| 28:23 | Investigar | Coinage |
| 28:55 | Crear | Villager (Male) |
| 28:55 | Crear | Villager (Male) |
| 29:49 | Construir | Castle |
| 30:00 | Investigar | Hand Cart |
| 30:02 | Crear | Villager (Male) |
| 30:03 | Crear | Villager (Male) |
| 30:05 | Crear | Villager (Male) |
| 30:12 | Crear | Villager (Male) |
| 30:12 | Crear | Villager (Male) |
| 30:13 | Crear | Villager (Male) |
| 30:14 | Crear | Villager (Male) |
| 30:54 | Investigar | Fletching |
| 31:03 | Investigar | Caravan |
| 31:26 | Crear | Villager (Male) |
| 31:26 | Crear | Villager (Male) |
| 31:26 | Crear | Villager (Male) |
| 31:29 | Investigar | Town Watch |
| 31:35 | Construir | House |
| 31:36 | Construir | House |
| 31:37 | Construir | House |
| 31:38 | Construir | House |
| 31:38 | Construir | House |
| 31:39 | Construir | House |
| 31:40 | Construir | House |
| 31:41 | Construir | House |
| 31:43 | Construir | House |
| 32:06 | Construir | Farm |
| 32:18 | Construir | Farm |
| 32:20 | Crear | Villager (Male) |
| 32:42 | Crear | Trade Cart |
| 32:43 | Crear | Trade Cart |
| 32:43 | Crear | Trade Cart |
| 32:44 | Crear | Trade Cart |
| 32:44 | Crear | Trade Cart |
| 32:45 | Crear | Trade Cart |
| 32:46 | Crear | Trade Cart |
| 32:46 | Crear | Trade Cart |
| 32:46 | Crear | Trade Cart |
| 32:46 | Crear | Trade Cart |
Build order — mitibebi
Primeras 150 de 378 acciones detectadas
| 0:06 | Construir | House |
| 0:08 | Construir | House |
| 0:10 | Construir | House |
| 0:15 | Crear | Villager (Male) ×4 |
| 0:16 | Investigar | Loom |
| 0:16 | Investigar | Loom |
| 0:20 | Investigar | Loom |
| 0:21 | Crear | Villager (Male) ×4 |
| 0:21 | Crear | Villager (Male) ×4 |
| 0:21 | Crear | Villager (Male) ×4 |
| 2:26 | Crear | Villager (Male) |
| 2:27 | Crear | Villager (Male) |
| 2:27 | Crear | Villager (Male) |
| 3:05 | Crear | Villager (Male) |
| 3:06 | Crear | Villager (Male) |
| 3:06 | Crear | Villager (Male) |
| 3:22 | Crear | Villager (Male) |
| 3:22 | Crear | Villager (Male) |
| 3:22 | Crear | Villager (Male) |
| 4:07 | Construir | Palisade Wall |
| 4:14 | Crear | Villager (Male) |
| 4:14 | Crear | Villager (Male) |
| 4:15 | Crear | Villager (Male) |
| 5:26 | Crear | Villager (Male) |
| 5:26 | Crear | Villager (Male) |
| 5:26 | Crear | Villager (Male) |
| 5:27 | Crear | Villager (Male) |
| 5:54 | Crear | Villager (Male) |
| 5:54 | Crear | Villager (Male) |
| 5:54 | Crear | Villager (Male) |
| 5:54 | Crear | Villager (Male) |
| 6:43 | Construir | Palisade Wall |
| 6:48 | Crear | Villager (Male) |
| 6:51 | Crear | Villager (Male) |
| 6:52 | Crear | Villager (Male) |
| 6:52 | Crear | Villager (Male) |
| 6:53 | Crear | Villager (Male) |
| 8:12 | Crear | Villager (Male) |
| 8:13 | Crear | Villager (Male) |
| 8:53 | Construir | Palisade Gate |
| 9:05 | Crear | Villager (Male) |
| 9:48 | Construir | Settlement |
| 10:12 | Crear | Villager (Male) |
| 10:12 | Crear | Villager (Male) |
| 10:49 | Construir | Settlement |
| 11:14 | Construir | Settlement |
| 12:17 | Investigar | Feudal Age |
| 14:19 | Construir | Settlement |
| 14:27 | Edad | Edad Feudal |
| 14:33 | Crear | Villager (Male) |
| 14:33 | Crear | Villager (Male) |
| 14:34 | Crear | Villager (Male) |
| 15:14 | Construir | Market |
| 15:50 | Construir | Gate |
| 16:03 | Construir | Stone Wall |
| 16:10 | Construir | Stone Wall |
| 16:14 | Crear | Villager (Male) |
| 16:15 | Crear | Villager (Male) |
| 16:15 | Crear | Villager (Male) |
| 16:47 | Construir | Settlement |
| 16:58 | Construir | Farm |
| 17:16 | Investigar | Double-Bit Axe |
| 17:53 | Crear | Villager (Male) |
| 17:53 | Crear | Villager (Male) |
| 17:54 | Crear | Villager (Male) |
| 17:59 | Investigar | Horse Collar |
| 18:03 | Investigar | Gold Mining |
| 18:18 | Crear | Villager (Male) |
| 18:22 | Construir | Farm |
| 18:53 | Construir | Farm |
| 19:11 | Construir | Farm |
| 19:39 | Construir | Farm |
| 19:51 | Crear | Villager (Male) |
| 20:03 | Construir | Blacksmith |
| 20:23 | Construir | Farm |
| 20:27 | Crear | Villager (Male) |
| 20:52 | Investigar | Castle Age |
| 20:54 | Construir | Farm |
| 22:07 | Crear | Trade Cart |
| 22:07 | Crear | Trade Cart |
| 22:07 | Crear | Trade Cart |
| 22:07 | Crear | Trade Cart |
| 22:08 | Crear | Trade Cart |
| 22:08 | Crear | Trade Cart |
| 22:08 | Crear | Trade Cart |
| 22:09 | Crear | Trade Cart |
| 22:10 | Crear | Trade Cart |
| 22:10 | Crear | Trade Cart |
| 22:47 | Construir | Gate |
| 23:00 | Construir | Stone Wall |
| 23:09 | Construir | Stone Wall |
| 23:31 | Crear | Villager (Male) |
| 23:32 | Edad | Edad de los Castillos |
| 23:34 | Investigar | Wheelbarrow |
| 23:40 | Construir | Town Center |
| 24:11 | Construir | Farm |
| 24:19 | Construir | Town Center |
| 24:25 | Crear | Villager (Male) |
| 24:44 | Construir | Town Center |
| 25:02 | Construir | Town Center |
| 25:48 | Construir | Town Center |
| 26:03 | Crear | Villager (Male) |
| 26:03 | Crear | Villager (Male) |
| 26:06 | Construir | Farm |
| 26:13 | Crear | Villager (Male) |
| 26:13 | Crear | Villager (Male) |
| 26:13 | Crear | Villager (Male) |
| 26:19 | Crear | Villager (Male) |
| 26:19 | Crear | Villager (Male) |
| 26:42 | Construir | Farm |
| 26:47 | Crear | Villager (Male) |
| 26:48 | Crear | Villager (Male) |
| 26:48 | Crear | Villager (Male) |
| 26:48 | Crear | Villager (Male) |
| 26:48 | Crear | Villager (Male) |
| 27:19 | Crear | Villager (Male) |
| 27:19 | Crear | Villager (Male) |
| 27:19 | Crear | Villager (Male) |
| 27:31 | Crear | Villager (Male) ×5 |
| 27:32 | Crear | Villager (Male) ×5 |
| 27:32 | Crear | Villager (Male) ×5 |
| 27:32 | Crear | Villager (Male) |
| 27:36 | Construir | Farm |
| 27:43 | Crear | Villager (Male) |
| 27:43 | Crear | Villager (Male) |
| 27:43 | Crear | Villager (Male) |
| 27:49 | Construir | Farm |
| 28:04 | Construir | Farm |
| 28:05 | Crear | Villager (Male) |
| 28:06 | Crear | Villager (Male) |
| 28:06 | Crear | Villager (Male) |
| 28:07 | Crear | Villager (Male) |
| 28:09 | Construir | Farm |
| 28:18 | Construir | Farm |
| 28:25 | Crear | Villager (Male) |
| 28:25 | Crear | Villager (Male) |
| 28:25 | Crear | Villager (Male) |
| 28:26 | Crear | Villager (Male) |
| 28:30 | Crear | Villager (Male) |
| 28:31 | Crear | Villager (Male) |
| 28:31 | Crear | Villager (Male) |
| 28:31 | Crear | Villager (Male) |
| 28:32 | Crear | Villager (Male) |
| 28:32 | Crear | Villager (Male) |
| 28:32 | Crear | Villager (Male) |
| 28:32 | Crear | Villager (Male) |
| 28:36 | Construir | Farm |
| 28:43 | Crear | Villager (Male) |
| 28:44 | Crear | Villager (Male) |
| 28:44 | Crear | Villager (Male) |
Cronología de la partida
| 3:07 | 0800goon · wall_segment Palisade Wall x10 |
| 4:07 | mitibebi · wall_segment Palisade Wall x13 |
| 5:56 | kyudiepie · wall_segment Palisade Wall x13 |
| 6:43 | mitibebi · wall_segment Palisade Wall x9 |
| 8:11 | 0800goon · wall_segment Palisade Wall x2 |
| 8:32 | Matdevil01 · wall_segment Palisade Wall x15 |
| 8:50 | sunqingxiong · wall_segment Palisade Wall x5 |
| 9:01 | sunqingxiong · wall_segment Palisade Wall x5 |
| 9:15 | БАНАН · wall_segment Palisade Wall x16 |
| 9:47 | Matdevil01 · wall_segment Palisade Wall x16 |
| 10:20 | kyudiepie · wall_segment Palisade Wall x12 |
| 10:44 | sunqingxiong · age_up feudal |
| 11:06 | kyudiepie · first_building Barracks |
| 11:14 | Matdevil01 · first_building Barracks |
| 12:02 | БАНАН · wall_segment Palisade Wall x4 |
| 12:39 | БАНАН · age_up feudal |
| 12:40 | Matdevil01 · age_up feudal |
| 12:41 | 0800goon · age_up feudal |
| 12:59 | БАНАН · wall_segment Palisade Wall x1 |
| 13:00 | kyudiepie · age_up feudal |
| 13:16 | kyudiepie · wall_segment Stone Wall x9 |
| 13:25 | kyudiepie · wall_segment Stone Wall x12 |
| 13:37 | БАНАН · wall_segment Palisade Wall x5 |
| 14:01 | 0800goon · first_building Barracks |
| 14:09 | БАНАН · wall_segment Palisade Wall x3 |
| 14:27 | mitibebi · age_up feudal |
| 14:39 | Matdevil01 · first_building Stable |
| 16:03 | mitibebi · wall_segment Stone Wall x15 |
| 16:06 | БАНАН · first_building Barracks |
| 16:10 | mitibebi · wall_segment Stone Wall x14 |
| 17:52 | sunqingxiong · first_building Barracks |
| 18:26 | БАНАН · first_market_buy 100 food |
| 18:26 | sunqingxiong · age_up castle |
| 18:40 | sunqingxiong · first_building Monastery |
| 19:21 | kyudiepie · first_market_sell 100 stone |
| 19:22 | kyudiepie · first_market_buy 100 food |
| 19:39 | Matdevil01 · first_market_sell 100 wood |
| 19:47 | mitibebi · first_market_buy 100 food |
| 19:58 | kyudiepie · first_building Stable |
| 20:00 | 0800goon · wall_segment Stone Wall x1 |
| 20:10 | 0800goon · wall_segment Stone Wall x4 |
| 20:38 | mitibebi · first_market_sell 100 wood |
| 20:52 | БАНАН · first_building Archery Range |
| 21:50 | БАНАН · age_up castle |
| 22:05 | sunqingxiong · first_building Archery Range |
| 22:08 | 0800goon · first_market_buy 100 food |
| 22:23 | kyudiepie · age_up castle |
| 22:32 | Matdevil01 · age_up castle |
| 22:54 | БАНАН · first_building Monastery |
| 23:00 | mitibebi · wall_segment Stone Wall x15 |
| 23:03 | 0800goon · wall_segment Stone Wall x12 |
| 23:09 | mitibebi · wall_segment Stone Wall x17 |
| 23:14 | 0800goon · wall_segment Stone Wall x1 |
| 23:19 | 0800goon · wall_segment Stone Wall x27 |
| 23:32 | mitibebi · age_up castle |
| 24:42 | kyudiepie · first_building Castle |
| 25:05 | sunqingxiong · first_building Castle |
| 26:11 | 0800goon · age_up castle |
| 28:06 | 0800goon · first_market_sell 100 food |
| 29:12 | Matdevil01 · first_market_buy 100 stone |
| 29:26 | 0800goon · wall_segment Stone Wall x7 |
| 29:47 | sunqingxiong · first_building Stable |
| 29:49 | 0800goon · wall_segment Stone Wall x17 |
| 29:49 | БАНАН · first_building Castle |
| 29:51 | Matdevil01 · first_building Castle |
| 30:49 | mitibebi · first_building Castle |
| 30:52 | 0800goon · first_building Castle |
| 31:06 | mitibebi · first_building Barracks |
| 31:09 | mitibebi · first_building Siege Workshop |
| 31:55 | 0800goon · first_building Siege Workshop |
| 33:31 | БАНАН · first_building Siege Workshop |
| 34:08 | kyudiepie · first_building Siege Workshop |
| 36:48 | kyudiepie · age_up imperial |
| 36:54 | БАНАН · age_up imperial |
| 38:39 | Matdevil01 · age_up imperial |
| 39:48 | sunqingxiong · age_up imperial |
| 40:12 | 0800goon · first_building Archery Range |
| 40:23 | mitibebi · age_up imperial |
| 40:27 | 0800goon · first_building Stable |
| 40:30 | sunqingxiong · wall_segment Palisade Wall x27 |
| 40:33 | sunqingxiong · wall_segment Palisade Wall x9 |
| 40:36 | sunqingxiong · wall_segment Palisade Wall x1 |
| 40:38 | sunqingxiong · wall_segment Palisade Wall x16 |
| 40:42 | sunqingxiong · wall_segment Palisade Wall x7 |
| 40:48 | sunqingxiong · wall_segment Palisade Wall x7 |
| 40:53 | sunqingxiong · wall_segment Palisade Wall x13 |
| 41:16 | 0800goon · age_up imperial |
| 42:44 | kyudiepie · first_building Monastery |
| 48:30 | БАНАН · tribute_sent a jugador 1 |
| 48:30 | БАНАН · tribute_sent a jugador 2 |
| 48:30 | БАНАН · tribute_sent a jugador 3 |
| 48:30 | БАНАН · tribute_sent a jugador 4 |
| 48:30 | БАНАН · tribute_sent a jugador 6 |
| 48:51 | БАНАН · tribute_sent a jugador 1 |
| 48:51 | БАНАН · tribute_sent a jugador 2 |
| 48:51 | БАНАН · tribute_sent a jugador 3 |
| 48:51 | БАНАН · tribute_sent a jugador 4 |
| 48:51 | БАНАН · tribute_sent a jugador 6 |
| 50:44 | 0800goon · resign |
[ ANÁLISIS IA · 1 CRÉDITO ]
¿Qué pasó realmente en esta partida?
Wolo.gg analiza cada decisión: build order, eco, micro, errores típicos por bracket. Análisis personalizado por WhatsApp o Discord en 30 segundos.
Guía civ
Romanos
Perfil
0800goon